 Dungeon Crawl Stone Soup version 0.21-a0-186-g02e8684 (webtiles) character file.

51 wolfsongas the Poker (level 3, -3/34 HPs)
             Began as a Naga Berserker on Aug 13, 2017.
             Was a Believer of Trog.
             Slain by an adder (5 damage)
             ... on level 2 of the Dungeon.
             The game lasted 00:02:49 (1594 turns).

wolfsongas the Poker (Naga Berserker)               Turns: 1594, Time: 00:02:50

Health: -3/34      AC:  2    Str: 19    XL:     3   Next: 83%
Magic:  3/3        EV: 10    Int: 12    God:    Trog [**....]
Gold:   48         SH:  0    Dex: 11    Spells: 2/2 levels left

rFire    . . .     SeeInvis +   a - +0 spear
rCold    . . .     Gourm    .   (no shield)
rNeg     . . .     Faith    .   b - +0 animal skin
rPois    +         Spirit   .   (no helmet)
rElec    .         Reflect  .   (no cloak)
rCorr    .         Harm     .   (no gloves)
MR       .....                  (no barding)
Stlth    +.........             (no amulet)
HPRegen  0.11/turn              (no ring)
MPRegen  0.08/turn              (no ring)

@: brilliant, lethally poisoned (-3 -> -4), hasted, quick
A: see invisible, deformed body, poison resistance, slowness 2, slow metabolism
1, spit poison 1, AC +1
a: Spit Poison, Berserk, Trog's Hand, Burn Spellbooks, Renounce Religion


You were on level 2 of the Dungeon.
You worshipped Trog.
Trog was pleased with you.
You were hungry.

You visited 1 branch of the dungeon, and saw 2 of its levels.

You collected 48 gold pieces.

Inventory:

Hand Weapons
 a - a +0 spear (weapon)
Armour
 b - a +0 animal skin (worn)
Scrolls
 d - 2 scrolls of magic mapping
 e - a scroll of teleportation {unknown}
 g - a scroll of immolation
 h - 6 scrolls of identify {unknown}
 i - a scroll of noise {unknown}
 k - a scroll of blinking {unknown}
 m - a scroll of remove curse {unknown}
 o - 3 scrolls of random uselessness {unknown}
 q - a scroll of recharging {unknown}
 r - a scroll of enchant armour {unknown}
Potions
 l - a potion of invisibility {unknown}
 n - a potion of haste
Comestibles
 c - a bread ration
 f - 3 fruits
 j - 2 chunks of flesh


   Skills:
 - Level 3.0 Fighting
 * Level 4.6 Polearms
 - Level 1.5 Armour
 - Level 1.5 Dodging


You had 2 spell levels left.
You didn't know any spells.

Dungeon Overview and Level Annotations

Branches:
Dungeon (2/15)

Altars:


Innate Abilities, Weirdness & Mutations

You cannot wear boots.
Your serpentine skin is tough. (AC +1)
You have supernaturally acute eyesight. (SInv)
Armour fits poorly on your strangely shaped body.
Your system is resistant to poisons. (rPois)
You cover ground very slowly.
You have a slow metabolism.
You can spit poison.


Message History

The adder barely misses you.
You barely miss the adder.
The adder is almost dead.
The adder bites you but does no damage.
You barely miss the adder.
The adder is almost dead.
The adder misses you.
You barely miss the adder.
The adder is almost dead.
The adder closely misses you.
You miss the adder.
The adder is almost dead.
You feel sick. The adder bites you.
* * * LOW HITPOINT WARNING * * *
It was a potion of haste.
You feel yourself speed up. The adder closely misses you.
It was a potion of brilliance.
You feel clever all of a sudden. The adder bites you.
You die...

#.######## #........#
#..#####.# #..# *,*
****###* #..# ***,**
#####* *,,,,..*
###..###..,,, .....*
*,***#.* #........#,**
####.*
*,*###S#####....#####,*
## *,*
*,*#...@.......).(...,*
.# *,*
*,*#.#.######...#####***
.# *,# *,**,#.* ##.##
*,, .###.# *,,,,..* #.#
*,* .....# ****.##* #.#
*,* ..#### #.* **+#* *,*
..# #,* **,,,** *,* ..#
*,* **,,,,,** *,* ######
**,** **,,,,,,,** *,*


You could see an adder.

Vanquished Creatures
  An adder (D:2)
  3 dart slugs
  2 giant cockroaches (D:1)
  6 hobgoblins
  5 jackals (D:1)
  A quokka (D:2)
  4 bats
  2 frilled lizards (D:2)
  4 goblins
  3 kobolds
  3 rats (D:1)
34 creatures vanquished.

Notes
Turn   | Place    | Note
-------+----------+-------------------------------------------
     0 | D:1      | wolfsongas the Naga Berserker began the quest for the Orb.
     0 | D:1      | Reached XP level 1. HP: 21/21 MP: 1/1
    16 | D:1      | Reached XP level 2. HP: 28/28 MP: 2/2
   410 | D:1      | Reached skill level 4 in Polearms
   625 | D:1      | Reached XP level 3. HP: 32/34 MP: 3/3
  1089 | D:2      | Reached ** piety under Trog
  1592 | D:2      | HP: 1/34 [adder (2)]
  1594 | D:2      | Slain by an adder

Vault maps used:
D:1:      dpeg_arrival_simpleton_b, minmay_misc_feat_five

Skill      XL: |  1  2 |
---------------+-------+-----
Polearms       | 4 |  4.6
Fighting       | |  3.0
Armour         | |  1.5
Dodging        | |  1.5

Action                   || total
-------------------------++-------
Melee: Spear             ||   156
  Use: Scroll            ||     2
       Potion            ||     2
 Stab: Sleeping          ||     3
  Eat: Chunk             ||     1
Armor: Animal skin       ||    16
Dodge: Dodged            ||    73
